 Dungeon Crawl Stone Soup version 0.25.1-1-g288607f5aa (webtiles) character file.

Game seed: 685137329358841995

47 BledDest the Changer (level 3, 0/27 HPs)
             Began as a Demigod Transmuter on July 28, 2020.
             Succumbed to an adder's poison
             ... on level 2 of the Dungeon.
             The game lasted 00:03:07 (2239 turns).

BledDest the Changer (Demigod Transmuter)           Turns: 2239, Time: 00:03:08

Health: 0/27       AC:  2    Str: 13    XL:     3   Next: 29%
Magic:  7/8        EV: 12    Int: 19    God:
Gold:   108        SH:  0    Dex: 16    Spells: 4/5 levels left

rFire    . . .     SeeInvis .     - Unarmed
rCold    . . .     Gourm    .   (no shield)
rNeg     . . .     Faith    .   b - +0 robe
rPois    .         Spirit   .   (no helmet)
rElec    .         Reflect  .   (no cloak)
rCorr    .         Harm     .   (no gloves)
MR       .....                  (boots currently unavailable)
Stlth    +.........             (no amulet)
HPRegen  0.09/turn              (no ring)
MPRegen  0.11/turn              (no ring)

@: lethally poisoned (0 -> -9), appendage, flying
A: talons 3, high mp 1
a: End Transformation


You were on level 2 of the Dungeon.
You were not hungry.
You had grown temporary talons.
You visited 1 branch of the dungeon, and saw 2 of its levels.

You collected 108 gold pieces.

Inventory:

Hand Weapons
 j - a +0 hunting sling
Missiles
 a - 25 arrows
 g - 14 sling bullets
 i - 51 stones (quivered)
Armour
 b - a +0 robe (worn)
Scrolls
 c - a scroll of magic mapping {unknown}
 e - 2 scrolls of remove curse {unknown}
 h - a scroll of random uselessness {unknown}
 k - a scroll of enchant weapon {unknown}
 l - a scroll of enchant armour {unknown}
Potions
 f - a potion of curing {unknown}
Comestibles
 d - a ration
 m - 2 chunks of flesh


   Skills:
 - Level 0.8 Fighting
 - Level 1.7 Dodging
 - Level 2.6 Unarmed Combat
 - Level 1.7 Spellcasting
 + Level 3.6 Transmutations


You had 4 spell levels left.
You knew the following spells:

 Your Spells              Type           Power        Failure   Level  Hunger
a - Beastly Appendage     Tmut           ###...       4%          1    #......

Your spell library contained the following spells:

 Spells                   Type           Power        Failure   Level  Hunger
 Sticks to Snakes         Tmut           ###.....     6%          2    ###....
 Spider Form              Tmut/Pois      #.........   26%         3    ###....
 Ice Form                 Ice/Tmut       #.......     63%         4    #####..
 Blade Hands              Tmut           ###.......   73%         5    ######.


Dungeon Overview and Level Annotations

Branches:
Dungeon (2/15)


Innate Abilities, Weirdness & Mutations

You have an increased reservoir of magic. (+10% MP)
You have claws for feet.


Message History

The adder is moderately wounded.
The adder bites you.
You hit the adder. Your kick misses the adder.
The adder is heavily wounded.
You feel sick. The adder bites you.
You are more poisoned.
The adder poisons you!
You miss the adder.
The adder is moderately wounded.
The adder bites you.
You miss the adder.
The adder is moderately wounded.
You feel sick. The adder bites you.
* * * LOW HITPOINT WARNING * * *
The adder bites you.
* * * LOW HITPOINT WARNING * * *
It was a potion of flight.
You feel very buoyant.
You fly up into the air.
You die...

#....#####.###.#
#....'.........#
#....##.########
####.##.# #.##.#
##'##+#######
#...........#
#...........#
#?...S@.....#
#...........#
#...........#
#.............#
#.####..#####.#
#. #..# # # #..#
...#


You could see an adder.

Vanquished Creatures
  An ooze (D:2)
  3 dart slugs (D:1)
  A giant cockroach (D:1)
  4 goblins
  6 hobgoblins
  4 jackals (D:2)
  3 kobolds (D:2)
  5 bats (D:1)
  A frilled lizard (D:1)
  4 rats
32 creatures vanquished.

Notes
Turn   | Place    | Note
-------+----------+-------------------------------------------
     0 | D:1      | BledDest the Demigod Transmuter began the quest for the
                  | Orb.
     0 | D:1      | Reached XP level 1. HP: 15/15 MP: 5/5
    67 | D:1      | Reached skill level 2 in Transmutations
   199 | D:1      | Reached XP level 2. HP: 18/22 MP: 5/7
   776 | D:1      | Reached skill level 3 in Transmutations
  1897 | D:2      | Reached XP level 3. HP: 25/27 MP: 6/8
  2079 | D:2      | Found a glowing silver altar of Zin.
  2079 | D:2      | Found a shimmering altar of Xom.
  2079 | D:2      | Noticed an angel
  2238 | D:2      | HP: 1/27 [adder (4)]
  2239 | D:2      | Succumbed to an adder's poison

Illustrated notes

Levels and vault maps discovered:
D:1:      mrwooster_arrival_arrow, layout_loops_ring
D:2:      layout_basic, grunt_temple_overflow_order_and_chaos_1,
          kennysheep_generic_room_10

Skill      XL: |  1  2 |
---------------+-------+-----
Transmutations | 2 3 |  3.6
Fighting       | |  0.8
Dodging        | |  1.7
Unarmed Combat | |  2.6
Spellcasting   | |  1.7

Action                   || total
-------------------------++-------
Melee: Unarmed           ||   131
       Headbutt          ||     2
       Kick              ||     5
       Punch             ||     1
 Cast: Beastly Appendage ||     6
  Use: Potion            ||     1
 Stab: Sleeping          ||     2
  Eat: Chunk             ||     4
Armor: Robe              ||    26
Dodge: Dodged            ||    77
